Map: Nightshade LE

Players

Striker

  • Race: Protoss Protoss
  • League: Silver
  • Spawn Location: 5:00

ViBE - Winner!

  • Race: Terran Terran
  • League: Silver
  • Spawn Location: 11:00

VOD

https://www.youtube.com/watch?v=kuS_PgtyAP8&list=PLFeZeom2b4DmHduNHeFj-6PfoasuSQn3P&index=2

Description

Time

  • Played on: Dec. 5, 2019, 7:42 p.m.
  • Length: 18:27
Show
View Real Time Build Order
Export as new Build Order

Striker Protoss 

Build Orders: Carriers 

Get SALT Encoding   

  12  0:02  Probe (Chrono Boost)  
  13  0:14  Probe (Chrono Boost)  
  14  0:20  Pylon  
  14  0:21  Probe (Chrono Boost)  
  15  0:38  Probe  
  15  0:39  Forge  
  16  0:50  Probe  
  17  1:14  Gateway  
  17  1:19  Assimilator  
  17  1:20  Probe  
  18  1:44  Pylon  
  18  1:52  Probe  
  19  1:55  Assimilator  
  19  2:04  Probe  
  19  2:05  Photon Cannon x2  
  20  2:13  Photon Cannon  
  20  2:34  Cybernetics Core  
  20  2:35  Probe  
  21  2:37  Pylon  
  21  2:40  Photon Cannon  
  21  2:44  Photon Cannon  
  21  2:47  Probe  
  22  2:53  Pylon  
  22  3:14  Photon Cannon  
  22  3:16  Photon Cannon  
  22  3:18  Photon Cannon  
  22  3:20  Photon Cannon  
  22  3:30  Pylon  
  22  3:50  Photon Cannon  
  22  4:05  Probe  
  23  4:13  Gateway  
  23  4:17  Probe, Gateway  
  23  4:20  Gateway  
  23  4:21  Twilight Council  
  24  4:36  Assimilator  
  24  4:38  Assimilator  
  24  4:41  Warp Gate  
  24  4:53  Pylon  
  24  5:06  Stalker x3  
  30  5:09  Blink (Chrono Boost)  
  30  5:20  Stalker  
  32  5:41  Pylon  
  32  5:53  Dark Shrine  
  32  6:07  Nexus  
  32  6:13  Pylon  
  32  6:49  Pylon  
  32  6:59  Probe (Chrono Boost)  
  34  7:09  Dark Templar x2  
  34  7:10  Probe (Chrono Boost), Dark Templar x2  
  34  7:14  Probe (Chrono Boost)  
  42  7:19  Photon Cannon  
  43  7:25  Probe  
  44  7:37  Probe  
  43  8:16  Stalker x2  
  43  8:17  Stalker  
  43  8:34  Stalker  
  45  8:43  Assimilator  
  45  8:45  Assimilator  
  45  8:46  Probe  
  46  8:50  Stalker x2  
  46  8:51  Stalker  
  52  8:58  Probe  
  53  9:09  Stalker  
  55  9:10  Probe  
  56  9:18  Stargate  
  56  9:20  Stargate  
  56  9:22  Probe  
  56  9:24  Stargate  
  57  9:26  Stargate  
  57  9:34  Probe  
  58  9:46  Probe  
  57  9:59  Probe  
  44  10:24  Protoss Shields Level 1, Cybernetics Core  
  44  10:31  Fleet Beacon  
  44  10:55  Nexus  
  44  10:57  Assimilator  
  44  10:58  Assimilator  
  56  11:18  Carrier x2  
  56  11:22  Protoss Air Weapons Level 1, Protoss Air Armor Level 1  
  56  11:25  Probe (Chrono Boost)  
  56  11:27  Probe (Chrono Boost)  
  58  11:37  Probe (Chrono Boost)  
  58  11:38  Pylon, Probe (Chrono Boost)  
  60  11:42  Probe x2 (Chrono Boost)  
  60  11:43  Pylon  
  60  11:46  Pylon  
  62  11:52  Probe x2  
  64  12:05  Probe (Chrono Boost)  
  64  12:06  Probe (Chrono Boost)  
  66  12:11  Probe (Chrono Boost)  
  67  12:19  Carrier  
  67  12:22  Probe (Chrono Boost)  
  74  12:23  Carrier  
  74  12:26  Carrier, Probe (Chrono Boost)  
  87  12:35  Pylon  
  87  12:38  Probe  
  87  12:39  Pylon  
  88  12:46  Probe x2  
  88  12:50  Probe  
  91  12:53  Carrier  
  91  12:58  Probe x2  
  99  13:02  Probe  
  100  13:13  Pylon  
  100  13:16  Pylon  
  100  13:19  Pylon  
  100  13:27  Carrier  
  106  13:34  Carrier  
  106  13:39  Protoss Air Armor Level 2  
  106  13:41  Protoss Air Weapons Level 2  
  112  13:45  Carrier  
  118  13:59  Pylon  
  118  14:00  Probe (Chrono Boost)  
  119  14:07  Carrier  
  126  14:10  Probe (Chrono Boost)  
  126  14:15  Probe (Chrono Boost)  
  89  14:32  Dark Templar x2  
  89  14:33  Dark Templar  
  89  14:34  Dark Templar  
  86  14:46  Carrier  
  75  15:11  Dark Templar x2  
  61  15:41  Carrier  
  67  15:58  Nexus  
  67  16:21  Carrier x2  
  79  17:10  Pylon  
  79  17:19  Assimilator  
  79  17:21  Assimilator  
  45  18:09  Stalker  
  45  18:10  Stalker x2  
Show
View Real Time Build Order
Export as new Build Order

ViBE Terran - Winner!

Build Orders: 2 Factory, Mech 

Get SALT Encoding   

  12  0:01  SCV  
  13  0:13  SCV  
  14  0:19  Supply Depot  
  14  0:25  SCV  
  15  0:41  SCV  
  16  0:42  Barracks  
  16  0:52  Refinery  
  16  0:53  SCV  
  17  1:05  SCV  
  18  1:17  SCV  
  19  1:31  Orbital Command  
  19  1:37  Command Center  
  19  1:49  Supply Depot  
  19  1:56  Factory  
  19  1:58  SCV  
  20  2:11  SCV  
  20  2:12  Refinery  
  21  2:23  SCV  
  22  2:35  SCV  
  23  2:40  Factory Tech Lab  
  23  2:44  Factory  
  23  2:47  SCV  
  23  3:00  Command Center x2  
  23  3:07  Siege Tank  
  23  3:09  SCV  
  27  3:22  SCV  
  28  3:28  Factory Reactor  
  28  3:32  Supply Depot  
  28  3:36  SCV  
  28  3:48  SCV  
  28  3:52  Siege Tank  
  30  4:01  SCV  
  31  4:04  Supply Depot  
  31  4:11  Hellion x2  
  31  4:12  Orbital Command x2  
  31  4:14  SCV  
  36  4:26  SCV  
  37  4:39  SCV  
  37  4:43  SCV x2  
  40  4:51  SCV  
  41  4:55  SCV, Siege Tank  
  41  4:57  Armory, Orbital Command  
  45  5:03  SCV  
  46  5:12  Orbital Command  
  46  5:15  SCV  
  47  5:21  Hellion  
  47  5:22  Hellion  
  47  5:24  SCV  
  47  5:27  SCV  
  53  5:36  SCV  
  53  5:39  SCV  
  55  5:46  SCV  
  55  5:48  SCV  
  57  5:51  SCV, Refinery  
  57  5:52  Refinery  
  57  5:54  Siege Tank  
  57  5:55  Hellion  
  57  5:56  Hellion  
  65  5:59  SCV  
  65  6:00  SCV  
  65  6:03  SCV  
  68  6:11  SCV  
  69  6:32  Supply Depot x2  
  69  6:33  Supply Depot x3  
  69  6:39  Thor, SCV x2  
  77  6:48  Armory  
  77  6:52  Engineering Bay  
  77  6:54  SCV x3, Hellion x2  
  77  6:57  Factory x2  
  77  6:58  Factory  
  77  7:00  Factory, Command Center  
  84  7:06  SCV x3  
  87  7:18  SCV x3  
  87  7:19  Hellion  
  87  7:20  Hellion  
  87  7:22  Thor  
  100  7:30  SCV x3  
  96  7:42  Missile Turret  
  88  7:44  Missile Turret  
  88  7:46  Missile Turret  
  88  7:47  Factory Tech Lab x2, Factory Reactor  
  88  7:48  Factory Tech Lab  
  88  7:49  Hellion  
  88  7:50  Hellion  
  80  8:05  Thor  
  76  8:06  Thor  
  76  8:09  SCV x3  
  67  8:21  SCV x3  
  67  8:31  Missile Turret  
  67  8:33  SCV x3  
  70  8:38  Refinery  
  70  8:39  Refinery  
  70  8:45  SCV x3  
  70  8:47  Command Center  
  73  8:57  SCV x2  
  73  8:58  Thor  
  81  9:03  SCV x2  
  81  9:09  SCV x2  
  85  9:14  Thor  
  85  9:15  SCV x2  
  93  9:21  SCV  
  94  9:24  Thor  
  94  9:27  SCV  
  94  9:28  SCV x2  
  103  9:33  SCV  
  103  9:36  Thor  
  103  9:38  Hellion  
  112  9:39  SCV  
  112  9:42  Planetary Fortress  
  112  9:45  Missile Turret  
  106  9:54  Terran Vehicle And Ship Armor Level 1, Terran Vehicle Weapons Level 1  
  106  9:56  Hellion x3  
  106  9:57  SCV  
  106  9:58  SCV x2  
  113  10:07  Command Center  
  113  10:13  Thor  
  119  10:19  SCV x4  
  123  10:36  Thor x2  
  123  10:42  Thor  
  141  10:43  Hellion  
  141  10:49  Supply Depot  
  143  10:51  Supply Depot  
  143  10:54  Supply Depot  
  143  10:55  Supply Depot  
  143  10:56  Supply Depot  
  143  10:58  SCV x4  
  143  11:03  Refinery  
  147  11:05  Refinery  
  147  11:16  Planetary Fortress  
  147  11:21  Command Center  
  147  11:23  Thor  
  153  11:28  Thor  
  159  11:37  SCV x4  
  163  11:49  SCV x3  
  163  11:50  SCV  
  163  11:52  Infernal Pre-Igniter, Smart Servos  
  167  11:56  Terran Vehicle And Ship Armor Level 2, Terran Vehicle Weapons Level 2  
  167  12:00  SCV x2  
  169  12:05  SCV  
  169  12:06  Thor x2  
  169  12:08  Hellion x2  
  186  12:16  Planetary Fortress  
  186  12:24  Missile Turret, Thor, Hellion  
  186  12:25  Hellion  
  186  12:27  Missile Turret  
  196  12:35  Hellion  
  196  12:36  Hellion  
  200  12:45  Command Center  
  200  12:53  Factory  
  200  12:56  Factory  
  200  12:58  Factory  
  200  13:00  Factory  
  200  13:05  Factory, Refinery x2  
  200  13:06  Factory x3  
  200  13:09  Factory x2  
  200  13:58  Factory Reactor x2  
  200  13:59  Factory Reactor  
  200  14:00  Factory Tech Lab x5  
  200  14:16  Refinery  
  200  14:17  Refinery  
  198  14:19  Command Center  
  192  14:26  Planetary Fortress  
  192  14:39  Missile Turret  
  192  14:43  Thor  
  192  14:44  Thor  
  192  14:45  Hellion  
  200  14:50  Terran Vehicle And Ship Armor Level 3, Terran Vehicle Weapons Level 3  
  200  14:51  Factory Reactor  
  200  14:52  Factory Tech Lab  
  188  14:58  Neosteel Armor  
  154  15:16  Planetary Fortress  
  154  15:17  Thor x5  
  154  15:18  Thor, Missile Turret  
  154  15:19  Hellion x5  
  154  15:20  Hellion x2  
  154  15:21  Hellion x3  
  199  15:22  SCV  
  186  15:35  Command Center  
  156  15:59  Thor x3  
  156  16:00  Thor  
  156  16:01  Hellion  
  156  16:02  Hellion x9  
  200  16:38  Hi-Sec Auto Tracking  
  200  17:12  Refinery  
  200  17:18  Command Center  
  200  17:26  Refinery  
  199  17:35  Missile Turret  
  198  17:46  Hellion  
Tags
 
Add a new tag
Caveats
  • Supply blocks, unpowered buildings, or Contaminate may cause inaccurate times.
  • Supply counts are checked every 10 seconds.